AoeStats
← 念

Arena

508689699Analyzed
4v4 RM · 10d ago on Sep 23, 2026· 64m 19s· 8 players
Game mode
Random Map
Map size
Large (8 player)
Population
200
Speed
Normal
Resources
Standard
Victory
Conquest
Starting age
Dark Age
Ending age
Imperial Age
RankedLock teamsTeams togetherTeam positionsShared explorationLock speedFull tech treeHidden civsTurbo modeCheats
Victory
Defeat
🇲🇽 Georgians · Mexico
1345
+14
🇦🇷 Khmer · Argentina
1294
+17
🇩🇪 Saxons · Germany
1261
+18
🇪🇸 Wei · Spain
1239
+19
🇰🇷 Berbers · South Korea
1418
-22
🇹🇼 Khmer · Taiwan
1287
-16
🇩🇪 Britons · Germany
1274
-16
🇨🇳 Italians · China
1240
-14
BøM_從小不缺鮑魚
10:06 Feudal Age
13:59 Castle Age
12:17 Double-Bit Axe
12:30 Horse Collar
15:04 Bow Saw
15:15 Heavy Plow
20:43 Wheelbarrow
20:26 Gold Mining
21:43 Hand Cart
22:27 Gold Shaft Mining
22:40 Stone Mining
28:06 Imperial Age
25:51 Scale Barding Armor
25:57 Forging
26:30 Bloodlines
26:21 Husbandry
27:42 Chain Barding Armor
27:58 Iron Casting
28:31 Loom
28:46 Elite Battle Elephant
29:07 Capped Ram
30:39 Crop Rotation
30:50 Plate Barding Armor
32:09 Blast Furnace
33:19 Siege Ram
34:51 Ballistics
35:33 Chemistry
35:33 Siege Engineers
35:36 Tusk Swords
35:38 Double Crossbow
35:23 Light Cavalry
36:33 Fletching
36:41 Heavy Scorpion
37:36 Bodkin Arrow
38:51 Bracer
39:13 Conscription
39:50 Caravan
40:54 Coinage
41:03 Hoardings
40:43 Fortified Wall
42:04 Hussar
44:42 Banking
44:14 Murder Holes
44:30 Masonry
kdu0687
11:21 Feudal Age
13:29 Double-Bit Axe
15:46 Castle Age
14:05 Horse Collar
14:27 Gold Mining
15:56 Wheelbarrow
18:56 Bow Saw
20:31 Heavy Plow
22:52 Gold Shaft Mining
23:46 Loom
30:33 Imperial Age
28:01 Treadmill Crane
29:15 Forging
29:10 Scale Barding Armor
28:56 Fletching
29:28 Ballistics
29:23 Thumb Ring
29:30 Bloodlines
29:21 Husbandry
29:53 Padded Archer Armor
29:49 Stone Mining
31:16 Hand Cart
31:03 Kasbah
32:16 Conscription
32:02 Murder Holes
33:32 Bodkin Arrow
34:26 Heavy Camel Rider
35:42 Chain Barding Armor
35:24 Elite Genitour
36:16 Light Cavalry
37:33 Iron Casting
39:36 Plate Barding Armor
40:09 Bracer
42:42 Arrowslits
47:39 Blast Furnace
46:54 Leather Archer Armor
47:12 Leather Archer Armor
47:01 Hussar
念
11:04 Feudal Age
14:41 Castle Age
13:37 Double-Bit Axe
21:11 Wheelbarrow
21:49 Bow Saw
22:49 Hand Cart
22:33 Gold Mining
24:30 Stone Mining
24:22 Horse Collar
26:03 Stone Shaft Mining
26:44 Heavy Plow
26:39 Fletching
26:51 Padded Archer Armor
29:53 Imperial Age
27:14 Loom
27:15 Town Watch
27:53 Bodkin Arrow
27:39 Treadmill Crane
28:10 Masonry
28:40 Leather Archer Armor
28:55 Ballistics
29:22 Thumb Ring
32:08 Two-Man Saw
32:15 Crop Rotation
31:54 Bracer
32:24 Ring Archer Armor
33:40 Chemistry
33:11 Architecture
33:06 Conscription
34:10 Hoardings
34:16 Elite Genoese Crossbowman
35:30 Murder Holes
54:52 Caravan
56:49 Guilds
62:38 Squires
62:24 Arson
AOE2.GG | NONO
4:07 Loom
10:16 Feudal Age
15:52 Castle Age
14:09 Double-Bit Axe
14:31 Horse Collar
19:38 Fortified Wall
25:02 Bow Saw
28:57 Wheelbarrow
31:45 Imperial Age
29:51 Stone Mining
29:52 Gold Mining
30:07 Town Watch
30:14 Fletching
30:25 Padded Archer Armor
30:48 Ballistics
31:59 Gold Shaft Mining
31:50 Hand Cart
31:52 Leather Archer Armor
31:49 Bodkin Arrow
31:54 Pikeman
33:08 Ring Archer Armor
33:10 Conscription
33:13 Yeomen
32:56 Scale Mail Armor
33:07 Forging
34:49 Two-Man Saw
35:14 Chemistry
33:55 Treadmill Crane
34:58 Scale Barding Armor
34:53 Bracer
34:32 Elite Longbowman
34:55 Light Cavalry
35:35 Husbandry
36:17 Hoardings
36:10 Warwolf
35:55 Halberdier
43:21 Chain Barding Armor
43:36 Iron Casting
43:17 Chain Mail Armor
43:08 Heavy Plow
46:52 Crossbowman
47:10 Elite Skirmisher
49:19 Squires
49:05 Gambesons
59:54 Heavy Scorpion
.|.
10:22 Feudal Age
14:16 Castle Age
12:27 Double-Bit Axe
12:53 Horse Collar
14:28 Loom
24:51 Bow Saw
24:51 Heavy Plow
26:14 Wheelbarrow
26:53 Ballistics
29:10 Imperial Age
27:11 Fletching
27:21 Padded Archer Armor
27:32 Gold Mining
27:50 Svan Towers
27:50 Stone Mining
27:47 Elite Skirmisher
28:29 Murder Holes
28:35 Bodkin Arrow
29:34 Stone Shaft Mining
28:47 Treadmill Crane
29:43 Leather Archer Armor
30:00 Hand Cart
29:35 Town Watch
29:50 Guard Tower
31:39 Chemistry
31:43 Crop Rotation
32:09 Keep
32:12 Parthian Tactics
32:11 Arrowslits
32:58 Conscription
33:28 Bracer
35:37 Town Patrol
36:37 Heavy Cavalry Archer
56:07 Scale Mail Armor
56:17 Forging
55:33 Pikeman
56:14 Squires
55:59 Gambesons
56:00 Arson
56:49 Halberdier
57:53 Chain Mail Armor
58:13 Iron Casting
59:37 Caravan
59:53 Guilds
64:28 Bloodlines
64:19 Husbandry
Flamenquin
7:31 Loom
9:19 Feudal Age
9:49 Double-Bit Axe
9:53 Horse Collar
10:32 Gold Mining
10:58 Stone Mining
13:23 Wheelbarrow
18:11 Castle Age
19:36 Bow Saw
21:37 Gold Shaft Mining
21:12 Heavy Plow
22:30 Stone Shaft Mining
23:39 Scale Barding Armor
24:57 Hand Cart
25:00 Loom
30:15 Imperial Age
28:16 Forging
29:22 Tuntian
30:27 Chain Barding Armor
31:59 Iron Casting
31:52 Bloodlines
31:43 Husbandry
32:11 Ming Guang Armor
31:29 Elite Tiger Cavalry
32:43 Fortified Wall
32:45 Masonry
32:16 Treadmill Crane
34:05 Hoardings
36:52 Blast Furnace
35:42 Fletching
36:12 Pikeman
36:52 Squires
36:38 Arson
37:14 Scale Mail Armor
37:49 Halberdier
41:25 Chain Mail Armor
41:01 Fletching
42:58 Bodkin Arrow
44:43 Chemistry
46:27 Ballistics
46:53 Conscription
48:13 Bracer
48:28 Caravan
48:58 Coinage
56:15 Padded Archer Armor
62:14 Banking
61:18 Light Cavalry
BRosi
7:41 Loom
10:34 Feudal Age
14:51 Castle Age
13:13 Double-Bit Axe
14:04 Horse Collar
15:52 Bow Saw
16:27 Heavy Plow
20:32 Gold Mining
22:09 Wheelbarrow
22:03 Town Watch
22:45 Stone Mining
24:45 Gold Shaft Mining
25:02 Hand Cart
28:55 Imperial Age
27:33 Scale Mail Armor
27:43 Forging
27:35 Squires
28:29 Chain Mail Armor
30:00 Iron Casting
29:00 Capped Ram
30:27 Conscription
29:36 Elite Hearth Troop
29:50 Pikeman
30:39 Siege Ram
32:43 Plate Mail Armor
32:31 Fortified Wall
31:58 Halberdier
33:15 Shield Wall
39:12 Treadmill Crane
46:57 Fletching
47:38 Bodkin Arrow
50:25 Padded Archer Armor
51:08 Bracer
51:05 Elite Skirmisher
58:55 Ballistics
61:25 Caravan
Te_Detono_FaciL
10:34 Feudal Age
11:00 Loom
14:00 Castle Age
12:07 Double-Bit Axe
12:16 Horse Collar
20:09 Wheelbarrow
19:20 Town Watch
27:57 Imperial Age
26:25 Gold Mining
26:27 Stone Mining
26:50 Bow Saw
26:41 Heavy Plow
28:38 Hand Cart
29:02 Gold Shaft Mining
29:03 Stone Shaft Mining
28:38 Husbandry
28:50 Bloodlines
28:02 Light Cavalry
28:57 Elite Battle Elephant
29:44 Scale Barding Armor
29:49 Forging
30:43 Chemistry
29:39 Murder Holes
31:52 Crop Rotation
31:58 Iron Casting
31:58 Chain Barding Armor
33:24 Heavy Scorpion
35:36 Plate Barding Armor
36:02 Blast Furnace
37:43 Conscription
37:52 Double Crossbow
37:53 Tusk Swords
41:40 Siege Engineers
41:55 Ballistics
43:27 Fletching
45:19 Hussar
60:43 Capped Ram
64:34 Scale Mail Armor
64:35 Padded Archer Armor
65:22 Hoardings
Connection lost

Rejoining the realm…

Still unreachable

The connection could not be restored.

Session expired

The server has moved on; the page needs a fresh start.